 Dungeon Crawl Stone Soup version 0.30.0-29-ga12c61a403 (webtiles) character file.

Game seed: 18294801569041942284

631 Agrostarius the Cleaver (level 7, -2/61 HPs)
             Began as a Hill Orc Berserker on June 4, 2023.
             Was a Believer of Trog.
             Succumbed to a water moccasin's poison
             ... on level 5 of the Dungeon.
             The game lasted 00:09:06 (3151 turns).

Agrostarius the Cleaver (Hill Orc Berserker)        Turns: 3151, Time: 00:09:06

Health: -2/61      AC:  9    Str: 22    XL:     7   Next: 48%
Magic:  2/7        EV:  9    Int:  7    God:    Trog [**....]
Gold:   276        SH:  0    Dex: 10    Spells: 6/6 levels left

rFire   . . .        a - +0 hand axe
rCold   . . .        (no shield)
rNeg    . . .        v - +0 chain mail
rPois   .            (no helmet)
rElec   .            (no cloak)
rCorr   .            (no gloves)
SInv    .            (no boots)
Will    .....        o - amulet of guardian spirit Stlth
                     (no ring)
HPRegen 0.30/turn    (no ring)
MPRegen 0.10/turn

%: guardian spirit
@: lethally poisoned (-2 -> -18), on berserk cooldown, slowed, very slow
A: no striking features
a: Renounce Religion, Berserk, Trog's Hand


You were on level 5 of the Dungeon.
You worshipped Trog.
Trog was pleased with you.
You visited 1 branch of the dungeon, and saw 5 of its levels.

You collected 276 gold pieces.

Inventory:

Hand Weapons
 a - a +0 hand axe (weapon)
 x - a +0 flail of protection
Missiles
 n - 3 silver javelins (quivered)
Armour
 b - a +0 plate armour
 v - a +0 chain mail (worn)
Jewellery
 o - an amulet of guardian spirit (around neck)
Wands
 y - a wand of digging (4)
Scrolls
 c - a scroll of silence {unknown}
 e - 2 scrolls of teleportation {unknown}
 g - a scroll of blinking {unknown}
 i - a scroll of fog {unknown}
 j - a scroll of magic mapping {unknown}
 k - 5 scrolls of identify {unknown}
 l - 4 scrolls of immolation {unknown}
 m - a scroll of vulnerability {unknown}
 r - a scroll of amnesia {unknown}
 s - 3 scrolls of fear {unknown}
 t - a scroll of poison {unknown}
 u - a scroll of brand weapon {unknown}
 w - a scroll of noise {unknown}
Potions
 d - a potion of flight {unknown}
 f - a potion of mutation {unknown}
 h - a potion of degeneration {unknown}
 p - a potion of attraction {unknown}
 q - a potion of heal wounds {unknown}
 z - a potion of haste {unknown}


   Skills:
 + Level 5.4 Fighting
 + Level 8.0 Axes
 + Level 0.3 Throwing
 + Level 4.5 Armour
 + Level 2.6 Dodging
 - Level 0.4 Stealth


You had 6 spell levels left.
You didn't know any spells.
Your spell library contained the following spells:

 Spells                   Type           Power      Damage    Failure   Level
 Magic Dart               Conj           0%         1d3       96%         1
 Call Imp                 Summ           0%         N/A       99%         2
 Mephitic Cloud           Conj/Pois/Air  0%         N/A       100%        3
 Iskenderun's Battlesphe  Conj           0%         2d6       100%        5
 Iron Shot                Conj/Erth      0%         9d1       100%        6
 Spellforged Servitor     Conj/Summ      0%         N/A       100%        7


Dungeon Overview and Level Annotations

Branches:
Dungeon (5/15)
 Temple: D:4-7

Altars:
Zin

Shops:
D:2 *   D:4 *


Message History

You hit the water moccasin.
The water moccasin bites you but does no damage.
The howler monkey hits you but does no damage.
The water moccasin bites you but does no damage.
The howler monkey barely misses you.
You miss the water moccasin.
The water moccasin is moderately wounded.
You hit the howler monkey.
You kill the howler monkey!
Trog accepts your kill.
The water moccasin bites you but does no damage.
An iguana comes into view.
The water moccasin bites you.
You are poisoned.
The water moccasin poisons you!
Your Axes skill increases to level 8!
You miss the water moccasin.
The water moccasin is moderately wounded.
You feel very sick. The water moccasin closely misses you.
The water moccasin barely misses you.
You miss the water moccasin.
The water moccasin is moderately wounded.
You feel very sick. The water moccasin closely misses you.
The water moccasin bites you.
You are lethally poisoned!
The water moccasin poisons you!
You closely miss the water moccasin.
The water moccasin is moderately wounded.
You hit the iguana.
* * * LOW HITPOINT WARNING * * *
You feel extremely sick.
The water moccasin completely misses you.
The iguana closely misses you. The water moccasin bites you.
* * * LOW HITPOINT WARNING * * *
The iguana bites you.
* * * LOW HITPOINT WARNING * * *
You barely miss the water moccasin.
The water moccasin is moderately wounded.
You hit the iguana but do no damage.
You die...

.# ..# # #.#
#. #. #.#
#..
##..####.#
#...
#........##
#...#
#.@S..##...#
###l......#
##.....##
##....#
##.)..#
#...###
#.### #..##
#....#


You could see a water moccasin and an iguana.

Vanquished Creatures
  An ogre (D:5)
  A phantom (D:5)
  A bullfrog (D:4)
  2 scorpions
  A howler monkey (D:5)
  A hound (D:4)
  A jelly (D:5)
  An orc priest (D:3)
  Terence (D:2)
  An iguana (D:4)
  An orc wizard (D:4)
  A gnoll (D:1)
  An adder (D:4)
  A worm (D:2)
  8 orcs
  8 ball pythons
  6 endoplasms
  5 giant cockroaches
  3 goblins
  3 hobgoblins
  5 kobolds
  2 quokkas
  4 bats
  3 frilled lizards (D:1)
  4 rats
66 creatures vanquished.

Notes
Turn   | Place    | Note
-------+----------+-------------------------------------------
     0 | D:1      | Agrostarius the Hill Orc Berserker began the quest for the
                  | Orb.
     0 | D:1      | Reached XP level 1. HP: 19/19 MP: 1/1
    61 | D:1      | Reached XP level 2. HP: 10/27 MP: 2/2
   437 | D:1      | Reached XP level 3. HP: 33/33 MP: 3/3
  1050 | D:2      | Noticed Terence
  1056 | D:2      | Killed Terence
  1057 | D:2      | Reached skill level 5 in Axes
  1057 | D:2      | Reached XP level 4. HP: 41/41 MP: 4/4
  1132 | D:2      | Found Meestrapn's General Store.
  1454 | D:2      | Found a faded altar of an unknown god.
  1772 | D:3      | Reached ** piety under Trog
  2013 | D:3      | Noticed a scorpion
  2027 | D:3      | Killed a scorpion
  2028 | D:3      | Reached skill level 6 in Axes
  2028 | D:3      | Reached XP level 5. HP: 23/47 MP: 3/5
  2296 | D:4      | Found Edism's Assorted Antiques.
  2497 | D:4      | Reached XP level 6. HP: 35/55 MP: 4/6
  2527 | D:4      | Reached skill level 5 in Fighting
  2551 | D:4      | Reached skill level 7 in Axes
  2904 | D:5      | Entered Level 5 of the Dungeon
  3091 | D:5      | Found a glowing silver altar of Zin.
  3091 | D:5      | Noticed an angel
  3098 | D:5      | Reached XP level 7. HP: 54/61 MP: 7/7
  3148 | D:5      | Reached skill level 8 in Axes
  3150 | D:5      | HP: 2/61 [iguana (2)]
  3151 | D:5      | Succumbed to a water moccasin's poison

Illustrated notes

Levels and vault maps discovered:
D:1:      saegor_arrival_simple_e, layout_loops_corners,
          kennysheep_decorative_pillar, nicolae_kite_square_tiling_tiny,
          minmay_tetromino_o2
D:2:      layout_loops_cross, chequers_ecumenical_altar_simple, serial_shops,
          shop, minmay_tree_intersection, uniq_terence
D:3:      wander_river, layout_loops_cross, kennysheep_generic_room_9
D:4:      layout_cave_pools, serial_shops, nicolae_stop_n_shop_1
D:5:      layout_layer_cave, lemuel_tele_altar, zin_angel,
          lemuel_temple_firewalk_a, cheibrodos_sewer_entry_bend

Skill      XL: |  1  2  3  4  5  6  7 |
---------------+----------------------+-----
Fighting       | 4 5 |  5.4
Axes           | 5 6 7 8 |  8.0
Dodging        | 2 |  2.6
Armour         | 3 4 |  4.5
Throwing       | |  0.3
Stealth        | |  0.4

Action                     |  1- 3 |  4- 6 |  7- 9 || total
---------------------------+-------+-------+-------++-------
  Melee: Hand axe          |    80 |   146 |    20 ||   246
         Punch             |     1 |     2 |       ||     3
  Throw: Javelin           |       |     2 |       ||     2
 Invoke: Berserk           |     2 |     3 |     1 ||     6
 Armour: Ring mail         |    23 |     1 |       ||    24
         Animal skin       |     2 |       |       ||     2
         Leather armour    |     1 |       |       ||     1
         Scale mail        |       |    36 |       ||    36
         Chain mail        |       |    31 |    11 ||    42
  Dodge: Dodged            |    45 |    64 |    11 ||   120
